cohdb
Replays
Latest Replays
All Replays
Popular Replays
Top Player Replays
Match Explorer
How It Works
Community
CoH3 Stats
Reddit
Sign in to upload your games and track your stats! →
Sign in with Steam
Match 39358405
Unlisted
Match 39358405
Overview
Messages
Build Orders
End
Kradschützen Motorcycle Team
Panzergrenadier Squad
250 Light Carrier
Construct Light Support Kompanie
Combat Half-tracks
Fire Support Elements
2.5-tonne Medical Truck
Selects Armored Support Battlegroup
Selects Veteran Gunners
Panzergrenadier Squad
le.IG 18 Mechanized Group
Construct Panzerarmee Kommand
Walking Stuka Rocket Launcher
Selects Salvage Kits
Flak 36 Anti-tank Gun Team
Walking Stuka Rocket Launcher
Vehicle Survival Package
Selects Panzer Storm
Flak 36 Anti-tank Gun Team
Knuthi
JaegerMeisteR
Rikkei
Smash
Scorps
LOLWTF
SneaKerz
gb_gbg
0
0
Comments
sign in to comment!
No comments posted yet!